[Event "Team 45 45 League T46"]
[Site "Internet Chess Club"]
[Date "2010.09.04"]
[Round "5"]
[White "technika"]
[Black "akdog3"]
[Result "1/2-1/2"]
[WhiteElo "2060"]
[BlackElo "2236"]
[Opening "French: Winawer, advance variation"]
[ECO "C18"]
[Time "13:08:32"]
[TimeControl "2700+45"]

1. e4 e6 2. d4 d5 3. Nc3 Bb4 4. e5 c5 5. a3 Bxc3+ 6. bxc3 Qa5 7. Bd2 Qa4 8. Qg4
Kf8 9. Bd3 c4 10. Be2 Qxc2 11. Nf3 Ne7 12. O-O Nbc6 13. Rfc1 Qf5 14. Qh4 Bd7 15.
Bd1 h5 16. h3 Ng6 17. Qg3 h4 18. Qh2 Na5 19. Bc2 Qh5 20. Rab1 Ke8 21. Bd1 Qf5
22. Bc2 Qh5 23. Bd1 Qf5 24. Be3 Bc6 25. Bc2 Qh5 26. Ng5 Ne7 27. Bd1 Qg6 28. Bc2
{Game drawn by mutual agreement} 1/2-1/2

[Event "Team 45 45 League T46"]
[Site "Internet Chess Club"]
[Date "2010.09.04"]
[Round "5"]
[White "SlimeDog2"]
[Black "jorobo"]
[Result "0-1"]
[WhiteElo "2147"]
[BlackElo "2114"]
[Opening "QGD: Tarrasch, Prague variation, Normal position"]
[ECO "D34"]
[Time "23:30:47"]
[TimeControl "2700+45"]

1. d4 e6 2. c4 d5 3. Nf3 Nf6 4. Nc3 c5 5. cxd5 exd5 6. g3 Nc6 7. Bg2 Be7 8. O-O
O-O 9. dxc5 Bxc5 10. a3 d4 11. Qd3 dxc3 {White resigns} 0-1

[Event "Team 45 45 League T46"]
[Site "Internet Chess Club"]
[Date "2010.09.05"]
[Round "5"]
[White "noHz"]
[Black "fishhead"]
[Result "1-0"]
[WhiteElo "2102"]
[BlackElo "1744"]
[Opening "Nimzo-Indian: classical, 4...c5"]
[ECO "E38"]
[Time "14:06:15"]
[TimeControl "2700+45"]

1. d4 Nf6 2. c4 e6 3. Nc3 Bb4 4. Qc2 c5 5. dxc5 Bxc5 6. Nf3 d5 7. Bg5 d4 8. Rd1
Nc6 9. a3 Qa5 10. b4 Nxb4 11. Qa4+ Nc6 12. Qxa5 Nxa5 13. Nb5 O-O 14. Ne5 Ne4 15.
Bc1 f6 16. Nd3 Bb6 17. f3 Nc3 18. Nxc3 dxc3 19. c5 Bc7 20. e4 Nb3 21. Kf2 e5 22.
Be3 Be6 23. Nb4 Rfd8 24. Bd3 Rac8 25. Nd5 Kf8 26. Nxc3 Ba5 27. Na4 Bd7 28. Nb2
Nxc5 29. Be2 Bc3 30. Nc4 b6 31. Nd6 Rb8 32. Rc1 Bb2 33. Rb1 Bxa3 34. Ra1 Bb2 35.
Rxa7 Ra8 36. Rc7 Be6 37. Rd1 Rd7 38. Rxd7 Nxd7 39. Bb5 Nc5 40. Nc4 Bc3 41. Nxb6
Ra2+ 42. Kg3 Rb2 43. Bxc5+ {Black resigns} 1-0

[Event "Team 45 45 League T46"]
[Site "Internet Chess Club"]
[Date "2010.09.05"]
[Round "5"]
[White "Jack-ONeill"]
[Black "NFork"]
[Result "0-1"]
[WhiteElo "2049"]
[BlackElo "2189"]
[Opening "King's Indian: London system"]
[ECO "A48"]
[Time "10:05:33"]
[TimeControl "2700+45"]

1. d4 Nf6 2. Nf3 g6 3. Bf4 Bg7 4. e3 O-O 5. h3 c5 6. c3 b6 7. Nbd2 Bb7 8. Be2 d6
9. O-O Nc6 10. Bh2 Re8 11. a4 cxd4 12. exd4 Qd7 13. Nc4 Rab8 14. Re1 Nd5 15. Qd2
Nd8 16. Bd3 Bc6 17. Be4 Ne6 18. Na3 f5 19. Bc2 Ndc7 20. Qd1 Bd5 21. Bb3 Kh8 22.
Nb5 a6 23. Nxc7 Nxc7 24. Bxd5 Nxd5 25. Ng5 Bf6 26. Ne6 b5 27. a5 Qc6 28. Qf3
Rec8 29. Bg3 b4 30. Rac1 bxc3 31. bxc3 Rb3 32. Qe2 Rxc3 33. Rxc3 Nxc3 34. Qb2
Ne4 35. Qb6 Qc4 36. Nd8 Nxg3 37. Nf7+ Kg7 {White forfeits on time} 0-1

[Event "Team 45 45 League T46"]
[Site "Internet Chess Club"]
[Date "2010.09.04"]
[Round "5"]
[White "zeigmata"]
[Black "Kolibri"]
[Result "1/2-1/2"]
[WhiteElo "2334"]
[BlackElo "2045"]
[Opening "QGD: Tartakower (Makagonov-Bondarevsky) system"]
[ECO "D58"]
[Time "14:14:07"]
[TimeControl "2700+45"]

1. d4 Nf6 2. c4 e6 3. Nf3 d5 4. Nc3 Be7 5. Bg5 O-O 6. e3 h6 7. Bh4 b6 8. Be2 Bb7
9. O-O Nbd7 10. Rc1 dxc4 11. Bxc4 c5 12. Qe2 Ne4 13. Bg3 Nxg3 14. hxg3 Bf6 15.
Rfd1 Qe7 16. Ba6 Bc6 17. a4 cxd4 18. exd4 Qb4 19. Bb5 Rac8 20. Bxc6 Rxc6 21. d5
Rd6 22. dxe6 Rxe6 23. Qb5 Qxb5 24. axb5 Nc5 25. Ra1 Bxc3 26. bxc3 Ra8 27. Nd4
Rd6 28. f3 a5 29. bxa6 Rxa6 30. Rxa6 Nxa6 31. Rb1 Nc5 32. Nf5 Re6 33. Nd4 Rd6
34. Nf5 Re6 35. Nd4 Rd6 {Game drawn by repetition} 1/2-1/2

[Event "Team 45 45 League T46"]
[Site "Internet Chess Club"]
[Date "2010.09.06"]
[Round "5"]
[White "fledermaus"]
[Black "pentti63"]
[Result "0-1"]
[WhiteElo "2005"]
[BlackElo "2227"]
[Opening "Nimzo-Indian: classical variation"]
[ECO "E32"]
[Time "12:00:28"]
[TimeControl "2700+45"]

1. d4 Nf6 2. c4 e6 3. Nc3 Bb4 4. Qc2 O-O 5. Nf3 d5 6. cxd5 exd5 7. Bg5 h6 8.
Bxf6 Qxf6 9. e3 Bf5 10. Bd3 Bxd3 11. Qxd3 Nd7 12. O-O c6 13. a3 Bxc3 14. Qxc3
Rfe8 15. Rfc1 Qd6 16. b4 Nf6 17. Qc5 Ne4 18. Qxd6 Nxd6 19. Nd2 a5 20. Kf1 Ra7
21. Nb3 a4 22. Nd2 f6 23. Ra2 Kf7 24. Ke2 g5 25. Kd3 g4 26. Rc5 f5 27. Nb1 Ne4
28. Rcc2 Ke6 29. Nc3 Nd6 30. Ne2 Nc4 31. Nf4+ Kd6 32. Re2 b6 33. h4 g3 34. fxg3
Rae7 35. Kc3 Rxe3+ 36. Rxe3 Rxe3+ 37. Nd3 Rxg3 38. Rf2 Nxa3 39. Rxf5 Nb5+ 40.
Kd2 Rxg2+ 41. Ke3 Rg3+ 42. Kd2 Nxd4 43. Rf6+ Kc7 44. Rf7+ Kb8 45. b5 Nxb5 46.
Rf8+ Kb7 47. Rf7+ Nc7 48. Nf4 a3 {White resigns} 0-1

[Event "Team 45 45 League T46"]
[Site "Internet Chess Club"]
[Date "2010.09.07"]
[Round "5"]
[White "WilThorpe"]
[Black "baumhauer"]
[Result "1-0"]
[WhiteElo "2057"]
[BlackElo "1906"]
[Opening "Sicilian: modern Scheveningen"]
[ECO "B83"]
[Time "10:31:07"]
[TimeControl "2700+45"]

1. e4 c5 2. Nf3 d6 3. d4 cxd4 4. Nxd4 Nf6 5. Nc3 e6 6. Be2 Nc6 7. O-O Be7 8. Be3
a6 9. f4 Qc7 10. Bf3 O-O 11. a4 Na5 12. Be2 Nc4 13. Bxc4 Qxc4 14. Qe1 Re8 15.
Kh1 Bd7 16. Rd1 Rac8 17. a5 Bd8 18. Nb3 Bc7 19. Rd4 Qc6 20. Qe2 b5 21. axb6 Bxb6
22. Rb4 Bxe3 23. Qxe3 Ng4 24. Qe2 f5 25. Ra4 Ra8 26. Rd4 e5 27. Rc4 Qb7 28. exf5
Bxf5 29. Qd2 Rad8 30. h3 Nf6 31. Re1 d5 32. Rc5 d4 33. Rcxe5 dxc3 34. Rxe8+ Rxe8
35. Rxe8+ Nxe8 36. Qxc3 Qe4 37. Nd4 Nd6 38. Qb3+ Kf8 39. Qb8+ Ne8 40. Qb4+ Kf7
41. Qc5 Nf6 42. Nxf5 Qxf4 43. Qc4+ Qxc4 44. Nd6+ Ke6 45. Nxc4 Kd5 46. Nd2 Kd4
47. Kg1 Nd5 48. Kf2 Ne3 49. Nb3+ Ke4 50. Nc5+ Kd4 51. c3+ Kxc5 52. Kxe3 Kc4 53.
Kd2 a5 54. Kc2 a4 55. h4 h5 56. Kc1 Kd3 57. Kb1 Ke3 58. Ka2 Kf4 59. c4 Kg4 60.
c5 Kxh4 61. c6 Kg3 62. c7 g5 63. c8=Q Kxg2 64. Qf5 g4 65. Qxh5 g3 66. Ka3 Kf2
67. Kxa4 g2 68. Qh2 Kf1 69. b4 {Black resigns} 1-0

[Event "Team 45 45 League T46"]
[Site "Internet Chess Club"]
[Date "2010.09.02"]
[Round "5"]
[White "chiiwen"]
[Black "Uwak"]
[Result "0-1"]
[WhiteElo "2100"]
[BlackElo "2450"]
[Opening "Caro-Kann: classical, Spassky variation"]
[ECO "B19"]
[Time "22:35:00"]
[TimeControl "2700+45"]

1. e4 c6 2. d4 d5 3. Nd2 dxe4 4. Nxe4 Bf5 5. Ng3 Bg6 6. h4 h6 7. Nf3 Nd7 8. h5
Bh7 9. Bd3 Bxd3 10. Qxd3 e6 11. Bd2 Qc7 12. O-O-O Ngf6 13. Qe2 O-O-O 14. Ne4
Nxe4 15. Qxe4 Nf6 16. Qe2 Rd5 17. c4 Rxh5 18. Rxh5 Nxh5 19. Ne5 Nf6 20. c5 Nd5
21. Re1 Rh7 22. Qf3 g5 23. Qh3 Be7 24. g3 Bf6 25. f4 Bxe5 26. fxe5 Qd8 27. g4
Nf4 28. Bxf4 gxf4 29. Re4 Qg5 30. Qf3 h5 31. gxh5 Rxh5 32. Qxf4 Qg2 {White
resigns} 0-1

[Event "Team 45 45 League T46"]
[Site "Internet Chess Club"]
[Date "2010.09.06"]
[Round "5"]
[White "searchforbobby1"]
[Black "f5"]
[Result "1/2-1/2"]
[WhiteElo "2220"]
[BlackElo "2103"]
[Opening "Sicilian: Alapin's variation (2.c3)"]
[ECO "B22"]
[Time "22:02:32"]
[TimeControl "2700+45"]

1. e4 c5 2. c3 Nf6 3. e5 Nd5 4. d4 cxd4 5. Nf3 Nc6 6. cxd4 d6 7. Bc4 Nb6 8. Bb3
dxe5 9. d5 Na5 10. Nc3 Nxb3 11. Qxb3 e6 12. Nxe5 Nxd5 13. Qb5+ Bd7 14. Qxb7 Bb4
15. Bd2 Qc8 16. Qxc8+ Rxc8 17. Nxd5 Bxd2+ 18. Kxd2 exd5 19. Nxd7 Kxd7 20. Rac1
Rxc1 21. Rxc1 Rb8 22. b3 Kd6 23. Kd3 h5 24. Rc3 g5 25. a3 g4 26. b4 Re8 27. b5
Re6 28. Rc8 Ke5 29. Ra8 Re7 30. Rh8 Kd6 31. Rxh5 Kc5 32. Rg5 Re4 33. Kc3 Rf4 34.
Kd3 Ra4 35. Kd2 f6 36. Rf5 Rxa3 37. Rxf6 Kxb5 38. Rf4 Ra2+ 39. Kc3 Kc5 40. Rxg4
Rxf2 41. h4 Rf1 42. Ra4 Rh1 43. Rxa7 Rxh4 {Game drawn by mutual agreement}
1/2-1/2

[Event "Team 45 45 League T46"]
[Site "Internet Chess Club"]
[Date "2010.09.06"]
[Round "5"]
[White "perikitosax"]
[Black "chess9793"]
[Result "1/2-1/2"]
[WhiteElo "2001"]
[BlackElo "2023"]
[Opening "Grünfeld: modern exchange variation"]
[ECO "D90"]
[Time "13:12:58"]
[TimeControl "2700+45"]

1. d4 Nf6 2. Nf3 g6 3. c4 Bg7 4. Nc3 d5 5. cxd5 Nxd5 6. e4 Nxc3 7. bxc3 c5 8.
Be3 Qa5 9. Qd2 O-O 10. Rc1 cxd4 11. cxd4 Qxd2+ 12. Nxd2 e6 13. Nb3 b6 14. Bd3
Ba6 15. Ke2 Bxd3+ 16. Kxd3 Na6 17. a3 Rfd8 18. Rc4 Bf8 19. Ke2 b5 20. Rc6 Nb8
21. Rc7 Bxa3 22. Ra1 b4 23. Nc5 a5 24. Nb7 Rf8 25. Bh6 Na6 26. Rc4 Rfc8 27. Nxa5
Bb2 28. Rd1 Rxc4 29. Nxc4 Bc3 30. Be3 Nc7 31. d5 exd5 32. exd5 Rd8 33. d6 Ne6
34. d7 Bf6 35. Bb6 Rb8 36. Ba5 Bd8 37. Bxd8 Rxd8 38. Rb1 b3 39. Ke3 Nc5 40. Kd4
Nxd7 41. Rxb3 Nb6+ 42. Kc5 Nxc4 43. Kxc4 Rd2 44. Rf3 Kg7 45. h4 Ra2 46. Kd3 Ra4
47. g3 f5 48. Ke2 Kh6 49. Rb3 Ra2+ 50. Kf3 {Game drawn by mutual agreement}
1/2-1/2

[Event "Team 45 45 League T46"]
[Site "Internet Chess Club"]
[Date "2010.09.07"]
[Round "5"]
[White "Vaigpertu"]
[Black "Terte"]
[Result "1-0"]
[WhiteElo "2304"]
[BlackElo "2016"]
[Opening "King's Indian: Averbakh system"]
[ECO "E73"]
[Time "16:22:27"]
[TimeControl "2700+45"]

1. d4 Nf6 2. c4 g6 3. Nc3 Bg7 4. e4 d6 5. Be2 O-O 6. Bg5 Nbd7 7. Qd2 e5 8. d5
Nc5 9. f3 a5 10. g4 Qd7 11. b3 Ne8 12. h4 f5 13. gxf5 gxf5 14. O-O-O f4 15. h5
Bf6 16. Bxf6 Rxf6 17. Nh3 h6 18. Nf2 Kh7 19. Rdg1 Qe7 20. Bf1 Bd7 21. Bh3 Bxh3
22. Rxh3 Rf7 23. Rg6 Rg7 24. Ng4 Rxg6 25. hxg6+ Kxg6 26. Rxh6+ Kf7 27. Qh2 Ng7
28. Rf6+ Qxf6 29. Nxf6 Kxf6 30. Nd1 Kf7 31. Nf2 Nd7 32. Ng4 Nf6 33. Nh6+ Ke7 34.
Qg2 Ngh5 35. Qg6 Rf8 36. Nf5+ Kd7 37. Ng7 Rh8 38. Qf7+ Kc8 39. Ne6 Nd7 40. a3
Nhf6 41. b4 axb4 42. axb4 b6 43. Kc2 Rh2+ 44. Kb3 Rh7 45. Qg6 Rh3 46. Qg2 Rg3
47. Qh1 Ne8 48. Ka4 Rg8 49. Kb5 Nef6 50. Qa1 Nb8 51. c5 bxc5 52. bxc5 Ne8 53. c6
Nf6 54. Qa7 Ne8 55. Qb7# {Black checkmated} 1-0

[Event "Team 45 45 League T46"]
[Site "Internet Chess Club"]
[Date "2010.09.03"]
[Round "5"]
[White "Pason"]
[Black "instinct"]
[Result "0-1"]
[WhiteElo "2055"]
[BlackElo "2183"]
[Opening "Grünfeld: Three knights variation"]
[ECO "D90"]
[Time "14:00:22"]
[TimeControl "2700+45"]

1. d4 Nf6 2. Nf3 g6 3. c4 Bg7 4. Nc3 d5 5. cxd5 Nxd5 6. Na4 e5 7. dxe5 O-O 8. e4
Nb4 9. Qb3 N8c6 10. h3 Be6 11. Bc4 Bxc4 12. Qxc4 b5 13. Qxb5 Nc2+ {White
resigns} 0-1

[Event "Team 45 45 League T46"]
[Site "Internet Chess Club"]
[Date "2010.09.02"]
[Round "5"]
[White "Buford-Julep"]
[Black "AVEMARIA"]
[Result "1-0"]
[WhiteElo "1730"]
[BlackElo "1629"]
[Opening "English: symmetrical variation"]
[ECO "A33"]
[Time "17:00:42"]
[TimeControl "2700+45"]

1. c4 Nf6 2. Nc3 c5 3. Nf3 Nc6 4. d4 cxd4 5. Nxd4 e6 6. Ndb5 d6 7. Bf4 e5 8. Bg5
Be7 9. Bxf6 gxf6 10. Nd5 Qa5+ 11. Nbc3 Be6 12. Qd2 Rc8 13. e3 f5 14. a3 Qd8 15.
g3 h5 16. Be2 Na5 17. Qc2 a6 18. Nxe7 Kxe7 19. b3 Qb6 20. Rb1 Qc6 21. e4 fxe4
22. Qxe4 Qxe4 23. Nxe4 d5 24. Nd2 h4 25. O-O e4 26. cxd5 Bxd5 27. Nc4 hxg3 28.
fxg3 Nxc4 29. bxc4 Bc6 30. Bg4 Rcd8 31. Rbd1 Rxd1 32. Rxd1 Rd8 33. Rxd8 Kxd8 34.
Kf2 Ke7 35. Ke3 Kd6 36. Bf5 Ke5 37. g4 b5 38. cxb5 axb5 39. h4 Bd5 40. h5 f6 41.
h6 Bg8 42. h7 Bxh7 43. Bxh7 Kd5 44. Bxe4+ Kc4 45. Kf4 {Black resigns} 1-0

[Event "Team 45 45 League T46"]
[Site "Internet Chess Club"]
[Date "2010.09.06"]
[Round "5"]
[White "GadsHill"]
[Black "BishopMike"]
[Result "1-0"]
[WhiteElo "1541"]
[BlackElo "1419"]
[Opening "QGD: Marshall defense"]
[ECO "A50"]
[Time "09:02:42"]
[TimeControl "2700+45"]

1. d4 Nf6 2. c4 d5 3. cxd5 Nxd5 4. Nf3 Nc6 5. e4 Nf6 6. Nc3 Bg4 7. d5 Ne5 8.
Nxe5 Bxd1 9. Bb5+ c6 10. dxc6 Nd7 11. cxd7+ Qxd7 12. Bxd7+ Kd8 13. Nxd1 f6 14.
Nf7+ Kxd7 15. Nxh8 {Black resigns} 1-0

[Event "Team 45 45 League T46"]
[Site "Internet Chess Club"]
[Date "2010.09.06"]
[Round "5"]
[White "achessfool"]
[Black "alaskauk"]
[Result "1-0"]
[WhiteElo "1494"]
[BlackElo "1512"]
[Opening "Ruy Lopez: Classical defense deferred"]
[ECO "C70"]
[Time "10:00:44"]
[TimeControl "2700+45"]

1. e4 e5 2. Nf3 Nc6 3. Bb5 a6 4. Ba4 Bc5 5. Nxe5 Nxe5 6. d4 Bb6 7. dxe5 Qe7 8.
Nc3 Qxe5 9. O-O c6 10. Re1 Bc7 11. f4 Qd6 12. Qxd6 Bxd6 13. e5 Bc5+ 14. Be3 Bb4
15. Bd2 Bc5+ 16. Kh1 Ne7 17. Ne4 Ba7 18. Nd6+ Kf8 19. Bb3 Bc5 20. Nxf7 Rg8 21.
Be3 Bxe3 22. Rxe3 Nf5 23. Rd3 b5 24. g4 Ne7 25. Nd6 Nd5 26. Bxd5 cxd5 27. Rxd5
Ke7 28. Rad1 Rf8 29. Nxc8+ Raxc8 30. Rxd7+ Ke8 31. c3 Rxf4 32. Rxg7 Re4 33. Rg8+
{Black resigns} 1-0

[Event "Team 45 45 League T46"]
[Site "Internet Chess Club"]
[Date "2010.09.07"]
[Round "5"]
[White "tightfist"]
[Black "TheronUAL"]
[Result "1-0"]
[WhiteElo "1528"]
[BlackElo "1494"]
[Opening "Polish (Sokolsky) opening"]
[ECO "A00"]
[Time "09:15:44"]
[TimeControl "2700+45"]

1. b4 d5 2. Bb2 c6 3. Nf3 Nf6 4. e3 Bf5 5. c4 e6 6. a3 Nbd7 7. Be2 Bd6 8. O-O
O-O 9. d4 Re8 10. Nbd2 e5 11. dxe5 Nxe5 12. Nxe5 Bxe5 13. Bxe5 Rxe5 14. Nf3 Re7
15. Rc1 Qd7 16. Nd4 Bg4 17. Bxg4 Nxg4 18. cxd5 Nf6 19. dxc6 bxc6 20. Nxc6 Ree8
21. Qxd7 Nxd7 22. Rfd1 Ne5 23. Nxe5 Rxe5 24. Rd7 Ree8 25. Rcc7 Rac8 26. Rxf7 a6
27. Rxg7+ Kh8 28. Rxh7+ Kg8 29. Kf1 Rb8 30. Rhe7 Red8 31. Red7 Re8 32. h4 a5 33.
Rb7 Ra8 34. b5 Rec8 35. Rg7+ Kh8 36. Rgc7 Rd8 37. Ke2 Rd6 38. a4 Rad8 39. Rh7+
Kg8 40. Rhf7 Rd2+ 41. Kf3 Rf8 42. Rxf8+ Kxf8 43. Ra7 Rd6 44. Rxa5 Rf6+ 45. Ke2
Rh6 46. g3 Rh7 47. Ra8+ Kg7 48. Ra7+ {Black resigns} 1-0

[Event "Team 45 45 League T46"]
[Site "Internet Chess Club"]
[Date "2010.09.04"]
[Round "5"]
[White "loserloser"]
[Black "CREDITorDEBIT"]
[Result "1-0"]
[WhiteElo "1769"]
[BlackElo "1854"]
[Opening "Alekhine's defense: exchange variation"]
[ECO "B03"]
[Time "12:31:09"]
[TimeControl "2700+45"]

1. e4 Nf6 2. e5 Nd5 3. d4 d6 4. c4 Nb6 5. exd6 cxd6 6. Nc3 g6 7. h3 Bg7 8. Nf3
O-O 9. Be3 Nc6 10. Rc1 e6 11. Be2 d5 12. c5 Nd7 13. O-O b6 14. Qa4 Bb7 15. b4 a6
16. Rfe1 Ne7 17. Qb3 Nf5 18. Nd1 bxc5 19. bxc5 Bc6 20. Qa3 Qc7 21. g4 Nxe3 22.
Nxe3 f5 23. Ng5 Rfe8 24. Bf3 h6 25. Nxe6 Rxe6 26. Nxd5 Rxe1+ 27. Rxe1 Bxd5 28.
Bxd5+ Kh8 29. Bxa8 Bxd4 30. Re8+ Kg7 31. Re7+ Kf6 32. c6 Qf4 33. Re2 fxg4 34.
Qe7+ Kf5 35. Qe6+ Kg5 36. cxd7 Qg3+ 37. Kf1 Qc7 38. Qxg4+ {Black resigns} 1-0

[Event "Team 45 45 League T46"]
[Site "Internet Chess Club"]
[Date "2010.09.04"]
[Round "5"]
[White "TheJaguar"]
[Black "CheeryCherry"]
[Result "0-1"]
[WhiteElo "1533"]
[BlackElo "1536"]
[Opening "Giuoco Pianissimo: Italian four knights variation"]
[ECO "C50"]
[Time "17:58:09"]
[TimeControl "2700+45"]

1. e4 e5 2. Nf3 Nc6 3. Bc4 Bc5 4. Nc3 Nf6 5. d3 d6 6. h3 Be6 7. Bb3 Qe7 8. O-O
O-O 9. Be3 Bb6 10. Bg5 Rad8 11. Qd2 a6 12. Bd5 Ba5 13. a3 Bxd5 14. Bxf6 Qxf6 15.
exd5 Nd4 16. Qd1 Nf5 17. b4 Bb6 18. Ne2 Ne7 19. c4 Qg6 20. Kh1 f5 21. Ng3 f4 22.
Ne4 h6 23. Qb3 Rb8 24. Rab1 Qf7 25. a4 Nf5 26. a5 Ba7 27. b5 Qd7 28. b6 Bxb6 29.
axb6 c6 30. dxc6 Qxc6 31. Nc3 Rf6 32. Nd5 Rg6 33. Nh4 Rg5 34. Nxf5 Kh8 35. Nfe7
Qd7 36. Ra1 f3 37. g4 h5 38. Nf5 g6 39. Nfe3 hxg4 40. Nxg4 Qh7 41. Nh2 Qxh3 42.
Ne3 Rg2 43. Ng4 Rxg4 44. Rg1 Rg2 {White resigns} 0-1

[Event "Team 45 45 League T46"]
[Site "Internet Chess Club"]
[Date "2010.09.03"]
[Round "5"]
[White "UsuallySleepy"]
[Black "Xerses"]
[Result "1-0"]
[WhiteElo "1778"]
[BlackElo "1320"]
[Opening "Giuoco Piano"]
[ECO "C54"]
[Time "09:00:23"]
[TimeControl "2700+45"]

1. e4 e5 2. Nf3 Nc6 3. Bc4 Bc5 4. c3 Nf6 5. d3 h6 6. O-O O-O 7. d4 exd4 8. cxd4
Bb4 9. a3 Ba5 10. b4 Bb6 11. d5 Ne7 12. e5 Ne8 13. Nc3 a6 14. Be3 c6 15. Bxb6
Qxb6 16. d6 Ng6 17. Qd3 Nf4 18. Qf5 Ne6 19. Bd3 g6 20. Qg4 N8g7 21. Qh4 h5 22.
Ne4 Nf5 23. Nf6+ Kh8 24. Bxf5 gxf5 25. Qxh5+ {Black resigns} 1-0

[Event "Team 45 45 League T46"]
[Site "Internet Chess Club"]
[Date "2010.09.09"]
[Round "5"]
[White "seattleblues"]
[Black "Muravey"]
[Result "0-1"]
[WhiteElo "1271"]
[BlackElo "1542"]
[Opening "Ruy Lopez: Möller defense"]
[ECO "C78"]
[Time "19:15:35"]
[TimeControl "2700+45"]

1. e4 e5 2. Nf3 Nc6 3. Bb5 a6 4. Ba4 Nf6 5. O-O Bc5 6. Re1 d6 7. h3 O-O 8. c3
Re8 9. d4 exd4 10. cxd4 Bb4 11. Nc3 Bxc3 12. bxc3 Rxe4 13. Bxc6 bxc6 14. Bg5 Bf5
15. Nd2 Re6 16. Rxe6 Bxe6 17. Ne4 Rb8 18. Rb1 Rxb1 19. Qxb1 Bf5 20. f3 d5 21.
Nxf6+ gxf6 22. Qxf5 fxg5 23. f4 gxf4 24. Qg4+ Kf8 25. Qxf4 Qd6 26. Qf5 Kg7 27.
Qg4+ Qg6 28. Qd7 Qe6 29. Qxc7 Qe1+ 30. Kh2 Qxc3 31. Qe5+ Kg6 32. Qd6+ f6 33. Qf4
h5 34. Qf2 a5 35. Qf4 a4 36. Qf2 a3 37. Qg3+ Qxg3+ 38. Kxg3 Kf5 39. Kh4 Ke4 40.
Kxh5 Kxd4 41. g4 Ke5 42. Kg6 d4 43. h4 d3 44. h5 d2 45. h6 d1=Q 46. h7 Qxg4+
{White resigns} 0-1

[Event "Team 45 45 League T46"]
[Site "Internet Chess Club"]
[Date "2010.09.05"]
[Round "5"]
[White "rayonline53"]
[Black "Ivio"]
[Result "0-1"]
[WhiteElo "1608"]
[BlackElo "1837"]
[Opening "QGD semi-Slav: 5.e3"]
[ECO "D45"]
[Time "13:02:41"]
[TimeControl "2700+45"]

1. Nf3 d5 2. d4 Nf6 3. c4 c6 4. Nc3 e6 5. e3 Bd6 6. Bd3 O-O 7. O-O Nbd7 8. h3 e5
9. dxe5 Nxe5 10. Nxe5 Bxe5 11. Qc2 Be6 12. b3 Ne4 13. Nxe4 Bxa1 14. Ba3 dxe4 15.
Bxe4 Re8 16. Rxa1 h6 17. Bb2 Qg5 18. Kh1 Qh4 19. Bf5 Bxf5 20. Qxf5 Rad8 21. Bd4
b6 22. b4 Qg5 23. Qf3 c5 24. bxc5 bxc5 25. Bc3 Rd3 26. Rc1 Qh4 27. Qc6 Red8 28.
Qxc5 Qxf2 29. Bd4 Rd2 30. Rg1 Rxa2 31. Qe5 f6 32. Qe6+ Kh8 33. c5 Re2 34. c6 Rc2
35. Bxa7 Rd1 36. Qe8+ Kh7 37. Qe4+ f5 {White resigns} 0-1

[Event "Team 45 45 League T46"]
[Site "Internet Chess Club"]
[Date "2010.09.05"]
[Round "5"]
[White "Salvatore"]
[Black "nursey"]
[Result "1-0"]
[WhiteElo "1673"]
[BlackElo "1597"]
[Opening "Richter-Veresov attack"]
[ECO "D01"]
[Time "16:05:11"]
[TimeControl "2700+45"]

1. d4 d5 2. Nc3 Nf6 3. Bg5 Nbd7 4. Nf3 h6 5. Bh4 e6 6. Qd3 Bd6 7. e4 dxe4 8.
Nxe4 O-O 9. Nxd6 cxd6 10. Be2 Qb6 11. b3 Nd5 12. Bg3 Qb4+ 13. Nd2 a5 14. O-O Nc3
15. Bf3 Nd5 16. a3 Qb6 17. Nc4 Qb5 18. Qd2 Qc6 19. Nxd6 b5 20. c4 bxc4 21. bxc4
N7f6 22. cxd5 Nxd5 23. Rfc1 Qa4 24. Rc4 Qd7 25. Nxc8 Rfxc8 26. Rxc8+ Qxc8 27.
Rc1 Qd7 28. Qb2 Rd8 29. h3 a4 30. Bd1 Nf6 31. f3 Qxd4+ 32. Qxd4 Rxd4 33. Rc8+
Kh7 34. Bc2+ g6 35. Be5 {Black resigns} 1-0

[Event "Team 45 45 League T46"]
[Site "Internet Chess Club"]
[Date "2010.09.06"]
[Round "5"]
[White "radiohead"]
[Black "Berke"]
[Result "0-1"]
[WhiteElo "1318"]
[BlackElo "1509"]
[Opening "Benkö gambit accepted"]
[ECO "A58"]
[Time "08:00:29"]
[TimeControl "2700+45"]

1. d4 Nf6 2. c4 c5 3. d5 b5 4. cxb5 a6 5. bxa6 Bxa6 6. Nf3 d6 7. g3 g6 8. Bg2
Qb6 9. O-O Bg7 10. Nc3 Nfd7 11. Qc2 O-O 12. Rb1 c4 13. Be3 Qa5 14. Bd4 Bxd4 15.
Nxd4 Ne5 16. Ne4 Nbd7 17. Rfe1 Rfc8 18. Ng5 Rab8 19. f4 Ng4 20. Nc6 Qc5+ 21. Kh1
Rxc6 22. dxc6 Ndf6 23. Ne4 Nxe4 24. Bxe4 Nf2+ 25. Kg2 Nxe4 26. Qxe4 d5 27. Qe5
Qxc6 28. Qxe7 d4+ 29. Kg1 Bb7 30. e4 dxe3 31. Qxb7 Rxb7 32. Rxe3 Qc5 33. Kf2 c3
34. Kf3 Rxb2 35. Rc1 Rxa2 36. Rcxc3 Qd5+ 37. Kg4 Rxh2 38. Re5 h5+ 39. Kg5 Kg7
40. Rc7 Qd8+ 41. Ree7 Qd5+ 42. Re5 Qg2 43. Re3 Qh3 {White resigns} 0-1

[Event "Team 45 45 League T46"]
[Site "Internet Chess Club"]
[Date "2010.09.03"]
[Round "5"]
[White "milesotoole"]
[Black "SeniorCitizen"]
[Result "1-0"]
[WhiteElo "1427"]
[BlackElo "1284"]
[Opening "Sicilian: Grand Prix attack"]
[ECO "B23"]
[Time "09:08:09"]
[TimeControl "2700+45"]

1. e4 c5 2. Nc3 Nc6 3. f4 e6 4. Nf3 Nge7 5. Bb5 d5 6. exd5 exd5 7. Qe2 Be6 8.
Bxc6+ Nxc6 9. f5 Nd4 10. Nxd4 cxd4 11. Nb5 Bd6 12. fxe6 Qh4+ 13. Kd1 Be7 14.
Nc7+ {Black resigns} 1-0

[Event "Team 45 45 League T46"]
[Site "Internet Chess Club"]
[Date "2010.09.06"]
[Round "5"]
[White "SugarIslander"]
[Black "siddhu"]
[Result "0-1"]
[WhiteElo "1663"]
[BlackElo "1816"]
[Opening "QGD Slav: Krause attack"]
[ECO "D17"]
[Time "14:30:28"]
[TimeControl "2700+45"]

1. d4 d5 2. c4 c6 3. Nf3 Nf6 4. Nc3 dxc4 5. a4 Bf5 6. Ne5 Nbd7 7. Nxc4 Qc7 8. f3
e5 9. dxe5 Nxe5 10. e4 Be6 11. Nxe5 Qxe5 12. Be2 Rd8 13. Qc2 Bc5 14. Bd2 Nh5 15.
O-O-O Nf4 16. Bxf4 Qxf4+ 17. Kb1 O-O 18. g3 Qc7 19. Rxd8 Rxd8 20. Rd1 Rxd1+ 21.
Qxd1 Qb6 22. g4 Bb3 23. Qd3 a5 24. Bd1 Bxd1 25. Nxd1 Bd4 26. h3 Kf8 27. b3 g6
28. Nb2 Bxb2 29. Kxb2 Qf2+ 30. Kc3 Qc5+ 31. Kd2 Ke7 32. Qe3 Qd6+ 33. Kc3 Qg3 34.
Qc5+ Ke8 35. Qxa5 Qe1+ {White resigns} 0-1

[Event "Team 45 45 League T46"]
[Site "Internet Chess Club"]
[Date "2010.09.05"]
[Round "5"]
[White "lw"]
[Black "oldsj"]
[Result "0-1"]
[WhiteElo "1561"]
[BlackElo "1649"]
[Opening "Bishop's opening/Petrov: Urusov gambit"]
[ECO "C24"]
[Time "13:00:26"]
[TimeControl "2700+45"]

1. e4 e5 2. Bc4 Nf6 3. d4 exd4 4. Nf3 Nxe4 5. Qxd4 Nf6 6. O-O d5 7. Rd1 c6 8.
Bg5 Be7 9. Qh4 O-O 10. Nc3 Bf5 11. Bd3 Bxd3 12. Rxd3 Nbd7 13. Re1 Re8 14. Rde3
h6 15. Bxh6 gxh6 16. Qxh6 Ng4 17. Qh5 Nxe3 18. Rxe3 Bf6 19. h4 Rxe3 20. Qg4+ Bg7
21. fxe3 Nf6 22. Qf5 Qd7 23. Qg5 Qg4 24. Qe5 Ne4 25. Qc7 Bxc3 26. bxc3 Qc8 27.
Qe5 Qe6 28. Qc7 Nxc3 29. Qg3+ Qg6 30. Qc7 Re8 31. Ng5 Rxe3 32. Qd8+ Kg7 33. Qd7
Re1+ 34. Kh2 Ne4 35. Nxf7 Qg3# {White checkmated} 0-1